 Dungeon Crawl Stone Soup version 0.26-a0-415-g2a96157 (webtiles) character file.

Game seed: 10522280362769363665

360 Illumine the Skirmisher (level 6, -3/67 HPs)
             Began as an Ogre Berserker on July 24, 2020.
             Was a Priest of Trog.
             Slain by a worker ant (5 damage)
             ... on level 4 of the Dungeon.
             The game lasted 00:06:16 (4415 turns).

Illumine the Skirmisher (Ogre Berserker)            Turns: 4415, Time: 00:06:17

Health: -3/67      AC:  3    Str: 24    XL:     6   Next: 65%
Magic:  6/6        EV: 10    Int:  8    God:    Trog [***...]
Gold:   190        SH:  0    Dex:  8    Spells: 5/5 levels left

rFire    . . .     SeeInvis .   a - +0 mace
rCold    . . .     Faith    .   (no shield)
rNeg     . . .     Spirit   .   s - +0 animal skin
rPois    .         Reflect  .   (helmet restricted)
rElec    .         Harm     .   (no cloak)
rCorr    +                      (gloves unavailable)
MR       .....                  (boots unavailable)
Stlth    +.........             (no amulet)
HPRegen  0.21/turn              d - ring of resist corrosion
MPRegen  0.10/turn              (no ring)

@: lethally poisoned (-3 -> -7)
A: large, unfitting armour, tough skin 1
a: Berserk, Trog's Hand, Renounce Religion


You were on level 4 of the Dungeon.
You worshipped Trog.
Trog was most pleased with you.
You visited 1 branch of the dungeon, and saw 4 of its levels.

You collected 190 gold pieces.

Inventory:

Hand Weapons
 a - a +0 mace (weapon)
 b - a +0 hunting sling
 u - a +0 flail
Missiles
 e - 213 stones (quivered)
 g - 27 poisoned darts
 o - 22 sling bullets
Armour
 s - a +0 animal skin (worn)
Jewellery
 d - a ring of resist corrosion (left hand)
 m - an uncursed ring of teleportation
Scrolls
 f - 3 scrolls of remove curse
 h - 4 scrolls of identify {unknown}
 k - a scroll of teleportation {unknown}
 n - a scroll of blinking {unknown}
 p - 2 scrolls of amnesia {unknown}
 q - a scroll of random uselessness {unknown}
 t - 2 scrolls of enchant armour {unknown}
 v - a scroll of enchant weapon {unknown}
Potions
 c - a potion of mutation {unknown}
 i - 2 potions of haste {unknown}
 j - a potion of berserk rage {unknown}
 l - a potion of lignification {unknown}
 r - a potion of might


   Skills:
 + Level 6.2 Fighting
 * Level 5.5 Maces & Flails
 + Level 1.3 Throwing
 - Level 2.6 Dodging


You had 5 spell levels left.
You didn't know any spells.
Your spell library was empty.

Dungeon Overview and Level Annotations

Branches:
Dungeon (4/15)
 Temple: D:4-7

Altars:
Dithmenos
Elyvilon
Makhleb
Xom
Yredelemnul
Zin

Annotations:
D:2 2 transporters


Innate Abilities, Weirdness & Mutations

You are too large for most types of armour.
You have tough skin. (AC +1)


Message History

Your Throwing skill increases to level 1!
A worker ant comes into view.
You sock the worker ant!
The worker ant is severely wounded.
The worker ant bites you.
* * * LOW HITPOINT WARNING * * *
You hit the worker ant but do no damage.
The worker ant is severely wounded.
The worker ant misses you. The worker ant bites you.
* * * LOW HITPOINT WARNING * * *
You hit the worker ant.
The worker ant is almost dead.
The worker ant closely misses you.
You barely miss the worker ant.
The worker ant is almost dead.
The worker ant bites you.
* * * LOW HITPOINT WARNING * * *
You are lethally poisoned!
The worker ant poisons you! The worker ant bites you.
You die...

.###..# #.. ..#.#.#
(8##... ..# #<#.#..
...######.# #.#.# #
...8#####.# #.#.# .#
....'.#...###.#.# #.#
..)8#.#.......#.###.#
...##.....###(...#.#
.8##.##.#.# #..#.a#
.##..##.#.###..(@#.#
###.............## .
##...............
##.###############
...# ####


You could see a worker ant.

Vanquished Creatures
  A centaur (D:4)
  2 orc priests (D:3)
  Natasha (thrice) (D:2)
  A hound skeleton (D:4)
  3 adders
  An adder skeleton (D:4)
  2 worms (D:2)
  6 dart slugs
  7 leopard geckos
  8 orcs
  A giant cockroach (D:3)
  10 goblins
  3 hobgoblins
  8 jackals
  3 kobolds
  2 quokkas (D:2)
  2 ball pythons (D:3)
  7 bats
  5 frilled lizards
  A quokka skeleton (D:4)
  9 rats
85 creatures vanquished.

Notes
Turn   | Place    | Note
-------+----------+-------------------------------------------
     0 | D:1      | Illumine the Ogre Berserker began the quest for the Orb.
     0 | D:1      | Reached XP level 1. HP: 24/24 MP: 1/1
   103 | D:1      | Reached XP level 2. HP: 32/32 MP: 2/2
   834 | D:1      | Reached XP level 3. HP: 37/40 MP: 3/3
  1036 | D:2      | Noticed Natasha
  1042 | D:2      | Killed Natasha
  1043 | D:2      | Reached ** piety under Trog
  1283 | D:2      | Reached XP level 4. HP: 25/49 MP: 4/4
  1453 | D:2      | Noticed an ice beast
  1454 | D:2      | Found a burning altar of Makhleb.
  1458 | D:2      | Found a transporter.
  1472 | D:2      | Found a transporter.
  1545 | D:2      | Found a shadowy altar of Dithmenos.
  1575 | D:2      | Reached skill level 5 in Fighting
  2164 | D:2      | Noticed Natasha
  2179 | D:2      | Killed Natasha
  2214 | D:2      | Noticed Natasha
  2378 | D:2      | Killed Natasha
  2378 | D:2      | Reached XP level 5. HP: 16/57 MP: 5/5
  3144 | D:3      | Found a shimmering altar of Xom.
  3321 | D:3      | Found a white marble altar of Elyvilon.
  3631 | D:3      | Found a basalt altar of Yredelemnul.
  3987 | D:3      | Reached skill level 5 in Maces & Flails
  4063 | D:3      | Found a glowing silver altar of Zin.
  4099 | D:3      | Reached XP level 6. HP: 67/67 MP: 6/6
  4138 | D:3      | Reached *** piety under Trog
  4223 | D:3      | Reached skill level 6 in Fighting
  4411 | D:4      | Reached skill level 1 in Throwing
  4415 | D:4      | HP: 2/67 [worker ant (5)]
  4415 | D:4      | Slain by a worker ant

Illustrated notes

Levels and vault maps discovered:
D:1:      lightli_arrival_chessboard, layout_basic
D:2:      layout_loops_ring, lemuel_doored_altar,
          gammafunk_temple_overflow_arena, grunt_ministairs_11,
          minmay_misc_feat_enclosed, uniq_natasha
D:3:      layout_loops_ring, kennysheep_ying_yang, zin_academy, xom_teletrap_fun
D:4:      layout_loops_ring, grunt_gozag_statues, kennysheep_mini,
          minmay_temple_entry_ruins, dk_noncrumbling_4

Skill      XL: |  1  2  3  4  5  6 |
---------------+-------------------+-----
Maces & Flails | 3 4 5 |  5.5
Fighting       | 5 6 |  6.2
Throwing       | 1 |  1.3
Dodging        | |  2.6

Action                   |  1- 3 |  4- 6 || total
-------------------------+-------+-------++-------
Melee: Mace              |    65 |   215 ||   280
       Flail             |       |     1 ||     1
 Fire: Hunting sling     |       |    12 ||    12
Throw: Stone             |       |     3 ||     3
Invok: Berserk           |       |     1 ||     1
  Use: Scroll            |       |     1 ||     1
Armor: Animal skin       |    19 |    66 ||    85
Dodge: Dodged            |    39 |   144 ||   183

Table legend: (Time is in decaauts)
 A = Elapsed time spent in this place.
 B = Non-inter-level travel time spent in this place.
 C = Inter-level travel time spent in this place.
 D = Time resting spent in this place.
 E = Time spent auto-exploring this place.
 F = Levels seen in this place.
 G = Mean time per level.
                   A        B        C        D        E       F      G
               +--------+--------+--------+--------+--------+-----+--------+
         Total |   4472 |   4364 |    108 |   1432 |   2070 |   4 | 1118.0 |
       Dungeon |   4472 |   4364 |    108 |   1432 |   2070 |   4 | 1118.0 |
               +--------+--------+--------+--------+--------+-----+--------+

Top non-repeatable levels by time:
     D:2: 2028 daAuts
     D:3: 1209 daAuts
     D:1: 1046 daAuts
     D:4: 188 daAuts
